 Dungeon Crawl Stone Soup version 0.23.2 (webtiles) character file.

Game seed: 6060551712301063345

144 Illumine the Vexing (level 5, 0/28 HPs)
             Began as a Deep Elf Enchanter on Oct 18, 2019.
             Slain by an iguana (14 damage)
             ... on level 4 of the Dungeon.
             The game lasted 00:11:26 (4199 turns).

Illumine the Vexing (Deep Elf Enchanter)            Turns: 4199, Time: 00:11:26

Health: 0/28       AC:  3    Str:  5    XL:     5   Next: 5%
Magic:  12/14      EV: 14    Int: 21    God:
Gold:   214        SH:  0    Dex: 15    Spells: 4/13 levels left

rFire    . . .     SeeInvis .   u - +1 dagger (vamp)
rCold    . . .     Gourm    .   (no shield)
rNeg     . . .     Faith    .   b - +0 robe
rPois    .         Spirit   .   q - +0 helmet
rElec    .         Reflect  .   (no cloak)
rCorr    .         Harm     .   (no gloves)
MR       .....                  (no boots)
Stlth    ++++......             (no amulet)
HPRegen  0.09/turn              c - ring of stealth
MPRegen  0.14/turn              k - ring of wizardry

@: no status effects
A: no striking features
a: no special abilities


You were on level 4 of the Dungeon.
You were hungry.

You visited 1 branch of the dungeon, and saw 4 of its levels.

You collected 214 gold pieces.

Inventory:

Hand Weapons
 a - a +1 dagger
 g - a +0 hunting sling
 u - a +1 vampiric dagger (weapon)
Missiles
 f - 17 poisoned needles
 h - 144 stones (quivered)
Armour
 b - a +0 robe (worn)
 q - a +0 helmet (worn)
Jewellery
 c - a ring of stealth (left hand)
 k - a ring of wizardry (right hand)
 r - an uncursed ring of see invisible
Scrolls
 e - a scroll of noise {unknown}
 j - 2 scrolls of remove curse {unknown}
 l - 2 scrolls of blinking {unknown}
 m - a scroll of magic mapping {unknown}
 n - 4 scrolls of identify {unknown}
 o - a scroll of fear {unknown}
 s - a scroll of immolation {unknown}
Potions
 i - a potion of lignification {unknown}
 p - a potion of curing {unknown}
 t - a potion of magic {unknown}
Comestibles
 d - 2 rations
 v - a chunk of flesh


   Skills:
 - Level 1.0 Short Blades
 + Level 4.0 Dodging
 - Level 4.0 Stealth
 + Level 4.7 Spellcasting
 + Level 5.4 Hexes


You had 4 spell levels left.
You knew the following spells:

 Your Spells              Type           Power        Failure   Level  Hunger
a - Corona                Hex            ####...      1%          1    None
b - Ensorcelled Hibernat  Hex/Ice        ###...       2%          2    #......
c - Confuse               Hex            ####....     1%          3    ##.....
d - Tukima's Dance        Hex            ####....     1%          3    ##.....

Your spell library contained the following spells:

 Spells                   Type           Power        Failure   Level  Hunger
 Dazzling Spray           Conj/Hex       ###...       4%          3    ##.....


Dungeon Overview and Level Annotations

Branches:
Dungeon (4/15)
 Temple: D:4-7

Altars:


Message History

You now have 205 gold pieces (gained 9).
A worker ant comes into view.
Found a short sword and a ration.
Found 9 gold pieces.
An iguana comes into view.
You see here 9 gold pieces.
You now have 214 gold pieces (gained 9).
The iguana hisses angrily.
The iguana bites you. The iguana bites you!
Casting: Ensorcelled Hibernation (safe; 2% risk of failure)
Confirm with . or Enter, or press ? or * to list all spells.
Aiming: Ensorcelled Hibernation (safe; 2% risk of failure)
Press: ? - help, Shift-Dir - straight line, f - iguana
Aim: an iguana (chance to defeat MR: 55%)
The iguana resists with significant effort.
You are feeling hungry.
The iguana bites you!
Ouch! That really hurt!
You die...

#.........# #
#.........##.#
#............#
#.........####
##.......##
#.........#
#.........#
#.........#
#.....@...#
#.....l...#
##.......##
##.....##
#######


You could see an iguana.

Vanquished Creatures
  An orc wizard (D:3)
  3 adders
  A worm (D:3)
  A dart slug (D:1)
  A leopard gecko (D:2)
  8 orcs
  7 bats
  4 giant cockroaches
  9 goblins
  11 hobgoblins
  4 jackals (D:3)
  A quokka (D:2)
  A ball python (D:1)
  2 frilled lizards (D:1)
  7 kobolds
  8 rats
69 creatures vanquished.

Notes
Turn   | Place    | Note
-------+----------+-------------------------------------------
     0 | D:1      | Illumine the Deep Elf Enchanter began the quest for the
                  | Orb.
     0 | D:1      | Reached XP level 1. HP: 10/10 MP: 6/6
   459 | D:1      | Reached XP level 2. HP: 15/15 MP: 8/8
   464 | D:1      | Learned a level 2 spell: Ensorcelled Hibernation
  1507 | D:2      | Reached XP level 3. HP: 19/19 MP: 10/10
  1512 | D:2      | Learned a level 3 spell: Confuse
  1516 | D:2      | Learned a level 3 spell: Tukima's Dance
  2621 | D:2      | Reached XP level 4. HP: 21/24 MP: 7/12
  3048 | D:3      | Reached skill level 5 in Hexes
  3942 | D:3      | Reached XP level 5. HP: 28/28 MP: 9/14
  4199 | D:4      | Slain by an iguana

Skill      XL: |  1  2  3  4 |
---------------+-------------+-----
Stealth        | 4 |  4.0
Dodging        | 3 4 |  4.0
Spellcasting   | 4 |  4.7
Hexes          | 5 |  5.4
Short Blades   | |  1.0

Action                   |  1- 3 |  4- 6 || total
-------------------------+-------+-------++-------
Melee: Dagger            |    92 |    56 ||   148
 Cast: Corona            |     7 |       ||     7
       Ensorcelled Hiber |    21 |    33 ||    54
       Confuse           |       |     4 ||     4
 Stab: Sleeping          |    34 |    19 ||    53
       Confused          |       |     2 ||     2
  Eat: Chunk             |     5 |       ||     5
       Ration            |       |     3 ||     3
Armor: Robe              |    26 |    23 ||    49
Dodge: Dodged            |    69 |    55 ||   124
